 Dungeon Crawl Stone Soup version 0.19.1 (webtiles) character file.

264 Pixllover the Cudgeler (level 5, -8/53 HPs)
             Began as a Troll Berserker on Dec 22, 2016.
             Was a Believer of Trog.
             Mangled by Natasha (9 damage)
             ... on level 4 of the Dungeon on Dec 23, 2016.
             The game lasted 00:14:54 (2596 turns).

Pixllover the Cudgeler (Troll Berserker)            Turns: 2596, Time: 00:14:55

Health: -8/53      AC:  5    Str: 26    XL:     5   Next: 98%
Magic:  0/4        EV: 11    Int:  3    God:    Trog [**....]
Gold:   193        SH:  0    Dex:  9    Spells: 0 memorised, 4 levels left

rFire  + + .     SeeInvis .     a - +0 mace
rCold  x . .     Gourm    +     b - +0 animal skin
rNeg   . . .     Faith    .     (no shield)
rPois  .         Spirit   +     (helmet restricted)
rElec  .         Reflect  .     (no cloak)
rCorr  .         Harm     .     (gloves unavailable)
MR     .....                    (boots unavailable)
Stlth  +.........               l - amulet of guardian spirit
                                r - ring of protection from fire
                                e - ring of fire

@: exhausted, slowed, very slow
A: unfitting armour, claws 3, fast metabolism 3, gourmand, regeneration 1,
shaggy fur 1, tough skin 2
a: Berserk, Trog's Hand, Burn Spellbooks, Renounce Religion


You were on level 4 of the Dungeon.
You worshipped Trog.
Trog was pleased with you.
You were not hungry.

You visited 1 branch of the dungeon, and saw 4 of its levels.

You collected 193 gold pieces.

Inventory:

Hand Weapons
 a - a +0 mace (weapon)
 s - a cursed +0 short sword
 u - a +0 blowgun
Missiles
 f - 7 tomahawks (quivered)
 p - 38 sling bullets
 v - 10 poisoned needles
Armour
 b - a +0 animal skin (worn)
Jewellery
 e - a ring of fire (left claw)
 l - an amulet of guardian spirit (around neck)
 q - an uncursed ring of poison resistance {unknown}
 r - a ring of protection from fire (right claw)
Scrolls
 d - 3 scrolls of remove curse
 t - a scroll of immolation {unknown}
Potions
 i - 2 potions of ambrosia {unknown}
 j - 4 potions of curing
 m - 2 potions of beneficial mutation {unknown}
 o - a potion of agility {unknown}
Comestibles
 c - 4 bread rations
 g - 3 meat rations
 h - 2 slices of pizza
 k - 2 fruits
 n - a royal jelly


   Skills:
 + Level 3.3 Fighting
 + Level 4.4 Maces & Flails
 + Level 3.6 Dodging
 + Level 0.3 Stealth


You had 4 spell levels left.
You didn't know any spells.

Dungeon Overview and Level Annotations

Branches:
Dungeon (4/15)
 Temple: D:4-7

Altars:

Annotations:
D:4 Natasha


Innate Abilities, Weirdness & Mutations

You are too large for most types of armour.
You have claws for hands.
Your metabolism is lightning-fast.
You like to eat raw meat.
Your natural rate of healing is unusually fast.
You are covered in fur. (AC +1)
You have very tough skin. (AC +2)


Message History

Natasha casts a spell at you.
You feel as though you will be slow longer.
The orc hits you but does no damage. x2; Natasha claws you.
You hit Natasha but do no damage.
Natasha is severely wounded.
The orc hits you with a trident!
* * * LOW HITPOINT WARNING * * *
The orc hits you.
* * * LOW HITPOINT WARNING * * *
Natasha closely misses you. The orc misses you.
The orc hits you but does no damage. Natasha claws you.
* * * LOW HITPOINT WARNING * * *
The orc closely misses you. Natasha claws you.
* * * LOW HITPOINT WARNING * * *
The orc hits you but does no damage.
The orc hits you from afar with a trident.
* * * LOW HITPOINT WARNING * * *
Natasha claws you!
You die...

#... #..# .. #..#
..# #..######...
#..........#
###<.......#.. #
##.............
#..#..........##
#...@oo))....#
#....h...........
#...............$
#...............##
#...............#
#..%............#
##.........##...#
#.#.....#.# ..##


You could see Natasha and 2 orcs.

Vanquished Creatures
  A hound (D:4)
  A bullfrog skeleton (D:4)
  An orc priest (D:4)
  2 worker ants (D:3)
  Natasha (D:4)
  3 adders
  An ooze (D:1)
  3 dart slugs
  A leopard gecko (D:4)
  6 orcs
  A ball python (D:1)
  6 giant cockroaches
  9 goblins
  6 hobgoblins
  2 jackals (D:2)
  2 quokkas (D:2)
  5 bats (D:1)
  7 frilled lizards
  4 kobolds
  3 rats
65 creatures vanquished.

Notes
Turn   | Place    | Note
-------+----------+-------------------------------------------
     0 | D:1      | Pixllover the Troll Berserker began the quest for the Orb.
     0 | D:1      | Reached XP level 1. HP: 22/22 MP: 0/0
   145 | D:1      | Reached XP level 2. HP: 13/29 MP: 1/1
   217 | D:1      | Reached skill level 3 in Maces & Flails
   457 | D:1      | Reached XP level 3. HP: 36/36 MP: 2/2
   792 | D:2      | Reached ** piety under Trog
  1663 | D:3      | Reached XP level 4. HP: 30/44 MP: 1/3
  1827 | D:4      | Noticed Natasha
  2235 | D:3      | Reached XP level 5. HP: 49/53 MP: 4/4
  2557 | D:4      | Killed Natasha
  2557 | D:4      | Reached skill level 4 in Maces & Flails
  2585 | D:4      | Noticed Natasha
  2596 | D:4      | HP: 1/53 [orc/trident (3)]
  2596 | D:4      | Mangled by Natasha

Skill      XL: |  1  2  3  4  5 |
---------------+----------------+-----
Maces & Flails | 3 4 |  4.4
Dodging        | 3 |  3.6
Fighting       | 3 |  3.3
Stealth        | |  0.3

Action                   |  1- 3 |  4- 6 || total
-------------------------+-------+-------++-------
Melee: Mace              |   123 |    91 ||   214
Invok: Berserk           |       |     1 ||     1
  Use: Scroll            |     5 |       ||     5
       Potion            |     2 |       ||     2
  Eat: Meat ration       |     1 |     1 ||     2
       Chunk             |     6 |     4 ||    10
       Bread ration      |     1 |       ||     1
       Fruit             |       |     1 ||     1
Armor: Animal skin       |   100 |    41 ||   141
Dodge: Dodged            |   107 |    73 ||   180
